[Event "Early Titled Tuesday Blitz | February 8 2022"]
[White "Budrewicz, Krzysztof"]
[Black "Garcia Martin, Marta"]
[WhiteFideId "1127950"]
[BlackFideId "32084030"]
[WhiteElo "2248"]
[BlackElo "2102"]
[Result "0-1"]
[Round "08"]
[TimeControl "180+1"]
[Date "2022.02.08"]
[WhiteClock "0:00:13"]
[BlackClock "0:00:08"]

1. d4 b6 2. e4 Bb7 3. Bd3 e6 4. c4 Bb4+ 5. Bd2 Bxd2+ 6. Nxd2 f5 7. Ngf3 fxe4 8. Nxe4 Nf6 9. Qe2 O-O 10. O-O Nc6 11. Rad1 Nh5 12. g3 Qe8 13. Rfe1 Rxf3 14. Qxf3 Nxd4 15. Nf6+ Nxf6 16. Qxb7 Rb8 17. Qg2 c5 18. h3 Qf7 19. f4 d5 20. cxd5 exd5 21. Re5 Nc6 22. Ree1 Rd8 23. Bf5 Rd6 24. Qe2 Kh8 25. Be6 Qg6 26. Qg2 Nd4 27. Bg4 h6 28. Bf3 Ne4 29. Bxe4 dxe4 30. Kh1 Nf3 31. Rxd6 Qxd6 32. Rf1 Qd5 33. Qf2 Nd4 34. Qe3 Nf5 35. Qf2 e3+ 36. Qg2 Nxg3+ 37. Kg1 Qxg2+ 38. Kxg2 Nxf1 39. Kxf1 Kh7 40. Ke2 Kg6 41. Kxe3 Kf5 42. a4 a6 43. Kf3 b5 44. a5 h5 45. Ke3 h4 46. Kf3 c4 47. Ke3 b4 48. Kd4 c3 49. bxc3 bxc3 50. Kxc3 Kxf4 51. Kc4 g5 52. Kc5 g4 53. hxg4 h3 54. Kb6 h2 55. Kxa6 h1=Q 56. Ka7 Qc6 57. a6 Qc7+ 58. Ka8 Qc8+ 59. Ka7 Kxg4 60. Kb6 Qa8 61. a7 Kf5 62. Kc7 Ke6 63. Kb6 Kd6 0-1


[Site "https://www.chess.com"]

[Event "Early Titled Tuesday Blitz | February 8 2022"]
[White "Bugayev, Vladimir"]
[Black "Sharapov, Evgeny"]
[WhiteFideId "30901480"]
[BlackFideId "14103133"]
[WhiteElo "2372"]
[BlackElo "2367"]
[Result "0-1"]
[Round "08"]
[TimeControl "180+1"]
[Date "2022.02.08"]
[WhiteClock "0:01:11"]
[BlackClock "0:01:39"]

1. e4 c5 2. Nc3 Nc6 3. Bb5 Nd4 4. Nf3 g6 5. Nxd4 cxd4 6. Ne2 Bg7 7. O-O Qb6 8. Ba4 Nf6 9. d3 O-O 10. c3 dxc3 11. bxc3 d6 12. h3 Bd7 13. Bb3 Rac8 14. Be3 Qa5 15. Bd4 e5 16. Be3 d5 17. f3 Be6 18. Kh1 Rfd8 19. Bg5 h6 20. Bd2 Qa6 21. Be3 dxe4 22. fxe4 Rxd3 23. Qc1 Nxe4 24. Bxe6 Qxe6 25. Bxh6 Rxh3+ 26. gxh3 Qxh3+ 27. Kg1 Bxh6 28. Qe1 Be3+ 0-1


[Site "https://www.chess.com"]

[Event "Early Titled Tuesday Blitz | February 8 2022"]
[White "Carre, Sylvain"]
[Black "Lauridsen, Jesper Morch"]
[WhiteFideId "642118"]
[BlackFideId "1401890"]
[WhiteElo "2105"]
[BlackElo "2226"]
[Result "0-1"]
[Round "08"]
[TimeControl "180+1"]
[Date "2022.02.08"]
[WhiteClock "0:02:17"]
[BlackClock "0:01:34"]

1. d4 g6 2. Bf4 d6 3. e3 Bg7 4. Nf3 Nd7 5. Bc4 h6 6. h4 e6 7. Nbd2 a6 8. Bg3 b5 9. Bb3 Bb7 10. O-O Ne7 11. a4 b4 12. c4 bxc3 13. bxc3 Nf5 14. Bh2 Nxh4 15. Nxh4 Qxh4 16. e4 O-O 17. Rb1 Rab8 18. Bg3 Qe7 19. Qe2 e5 20. d5 f5 21. exf5 gxf5 22. f4 e4 23. Rfc1 Nc5 0-1


[Site "https://www.chess.com"]

[Event "Early Titled Tuesday Blitz | February 8 2022"]
[White "Caruana, Fabiano"]
[Black "Lashkin, Jegor"]
[WhiteFideId "2020009"]
[BlackFideId "13907808"]
[WhiteElo "2744"]
[BlackElo "2344"]
[Result "1-0"]
[Round "08"]
[TimeControl "180+1"]
[Date "2022.02.08"]
[WhiteClock "0:00:19"]
[BlackClock "0:00:05"]

1. e4 c5 2. Nf3 d6 3. Bb5+ Nd7 4. O-O a6 5. Bxd7+ Bxd7 6. d4 cxd4 7. Qxd4 Rc8 8. c4 Nf6 9. Bg5 e6 10. Nc3 Be7 11. Rac1 O-O 12. b3 Bc6 13. Rfd1 h6 14. Bh4 Qa5 15. Qd2 Qc5 16. Qe1 Qb6 17. Nd4 Rfe8 18. Bg3 Bd7 19. h3 Qa7 20. Kh1 Qb8 21. a4 Qa7 22. f3 Qb6 23. Bf2 Qc7 24. Be3 Red8 25. Qf2 Qb8 26. Nde2 Re8 27. Ba7 Qa8 28. Bb6 Bc6 29. a5 Nd7 30. Be3 Qb8 31. Ba7 Qa8 32. Bd4 Ne5 33. Be3 Ng6 34. Nd4 Bd7 35. f4 Qb8 36. Nf3 Bc6 37. b4 Bf6 38. Nd4 Bd7 39. Nce2 e5 40. Nf5 Bxf5 41. exf5 Nxf4 42. Bxf4 exf4 43. Nxf4 Re4 44. Nd5 Rcxc4 45. Rxc4 Rxc4 46. Nxf6+ gxf6 47. Qg3+ Kh7 48. Kh2 Qc7 49. Rxd6 Rc6 50. Rd4 Qxg3+ 51. Kxg3 Rc3+ 52. Kf4 Rb3 53. Ke4 Kg7 54. Kd5 Rc3 55. Rc4 Rg3 56. Rg4+ Rxg4 57. hxg4 h5 58. gxh5 Kh6 59. g4 Kg5 60. Kd6 Kxg4 61. h6 Kxf5 62. h7 1-0


[Site "https://www.chess.com"]

[Event "Early Titled Tuesday Blitz | February 8 2022"]
[White "Chernomordik, Pavel"]
[Black "Alavkin, Arseny"]
[WhiteFideId "2804530"]
[BlackFideId "4120612"]
[WhiteElo "2249"]
[BlackElo "2391"]
[Result "0-1"]
[Round "08"]
[TimeControl "180+1"]
[Date "2022.02.08"]
[WhiteClock "0:00:05"]
[BlackClock "0:00:16"]

1. e4 e6 2. Nc3 d5 3. d4 Bb4 4. Ne2 dxe4 5. a3 Bxc3+ 6. Nxc3 Nc6 7. Be3 Nf6 8. Bb5 Bd7 9. Bg5 a6 10. Bc4 Ne7 11. Bxf6 gxf6 12. Nxe4 Ng6 13. O-O Bc6 14. Qd3 Nf4 15. Qe3 Nxg2 16. Kxg2 f5 17. f3 Rg8+ 18. Kh1 fxe4 19. fxe4 Qe7 20. Qf4 O-O-O 21. Rad1 Qg5 22. Qxg5 Bxe4+ 23. Kg1 Rxg5+ 24. Kf2 Bxc2 25. Rd2 Be4 26. Ke3 Bf5 27. d5 Rh5 28. Rf3 e5 29. Rdf2 Bg6 30. Rf6 Rh3+ 31. Kd2 Rh4 32. Ba2 Rd6 33. R6f3 c6 34. Rc3 Kd7 35. Re3 f6 36. Rb3 b5 37. Rbf3 Ke7 38. Rc3 cxd5 39. Rc7+ Ke6 40. Rc8 Rd4+ 41. Kc3 f5 42. Re2 Re4 43. Rf2 f4 44. Ra8 Re3+ 45. Kb4 e4 46. Rxf4 Ke5 47. Rff8 d4 48. Ra7 Bf5 49. Re7+ Be6 50. Rfe8 Re2 51. Rxe6+ Rxe6 52. Rxe6+ Kf4 53. Rf6+ Ke3 54. Rd6 Rxb2+ 55. Bb3 a5+ 56. Kc5 Rxb3 57. Rxd4 Rc3+ 58. Kd5 Rd3 0-1


[Site "https://www.chess.com"]

[Event "Early Titled Tuesday Blitz | February 8 2022"]
[White "Chigaev, Maksim"]
[Black "Kosakowski, Jakub"]
[WhiteFideId "4108116"]
[BlackFideId "1185080"]
[WhiteElo "2502"]
[BlackElo "2476"]
[Result "1-0"]
[Round "08"]
[TimeControl "180+1"]
[Date "2022.02.08"]
[WhiteClock "0:00:10"]
[BlackClock "0:00:04"]

1. c4 g6 2. d4 Nf6 3. Nc3 Bg7 4. e4 d6 5. Nf3 O-O 6. Be2 e5 7. O-O Nc6 8. d5 Ne7 9. b4 a5 10. bxa5 Rxa5 11. a4 c5 12. Ra3 Nd7 13. Re1 h6 14. Bd2 Ra6 15. Bd3 f5 16. Bc2 f4 17. Bd3 g5 18. h3 Ng6 19. Be2 Nf6 20. Nh2 Nh4 21. g4 Rf7 22. Nf3 Ng6 23. Kg2 Bf8 24. Rg1 Rg7 25. Kf1 Be7 26. Qc2 Nh8 27. Ke1 Nf7 28. Kd1 h5 29. Nh2 Nh6 30. Qd3 hxg4 31. Nxg4 Nhxg4 32. hxg4 Rh7 33. Kc2 Bd7 34. Raa1 Rh4 35. Kb2 Qf8 36. Rh1 Qh6 37. Rxh4 Qxh4 38. f3 Bd8 39. Nb5 Kf7 40. Ra3 Ke7 41. a5 Qf2 42. Ra1 b6 43. axb6 Rxb6 44. Ra7 Ke8 45. Kc2 Qg1 46. Ra2 Ke7 47. Bc3 Rb7 48. Qd2 Bb6 49. Ra1 Qh2 50. Bd3 Qxd2+ 51. Kxd2 Bxb5 52. cxb5 Kf7 53. Bc4 Ke7 54. Ra6 Kd7 55. Kd3 Ne8 56. Ra1 Nc7 57. Rh1 Kc8 58. Rh8+ Kd7 59. Rh5 Ra7 60. Rxg5 Ra3 61. Rg7+ Kc8 62. Kc2 Ba5 63. Bxa5 Rxa5 64. b6 Nb5 65. Bxb5 Rxb5 66. b7+ Kb8 67. g5 Ra5 68. g6 Ra1 69. Rf7 Rg1 70. g7 1-0


[Site "https://www.chess.com"]

[Event "Early Titled Tuesday Blitz | February 8 2022"]
[White "Costachi, Mihnea"]
[Black "Yang, Kaiqi"]
[WhiteFideId "1217518"]
[BlackFideId "8604398"]
[WhiteElo "2464"]
[BlackElo "2373"]
[Result "1-0"]
[Round "08"]
[TimeControl "180+1"]
[Date "2022.02.08"]
[WhiteClock "0:00:19"]
[BlackClock "0:00:01"]

1. e4 e5 2. f4 Nc6 3. Nf3 exf4 4. d4 d5 5. e5 Bg4 6. Bb5 g5 7. O-O Bg7 8. h3 Bxf3 9. Qxf3 Ne7 10. h4 a6 11. Bxc6+ Nxc6 12. hxg5 Nxd4 13. Qd3 Ne6 14. Bxf4 Nxf4 15. Rxf4 Qxg5 16. Qf5 Qxf5 17. Rxf5 Ke7 18. Nc3 c6 19. Raf1 Rhf8 20. Ne2 f6 21. exf6+ Rxf6 22. Rh5 Rxf1+ 23. Kxf1 Rf8+ 24. Ke1 Bxb2 25. Rxh7+ Rf7 26. Rh4 Be5 27. g4 b5 28. Kd2 c5 29. Rh6 Rf6 30. Rh7+ Rf7 31. Rh6 Bf6 32. Kd1 Bg5 33. Rh1 a5 34. Nc3 Rf2 35. Rh5 Kf6 36. Nxd5+ Kg6 37. Nc3 Rd2+ 38. Kc1 Rg2+ 39. Kb1 b4 40. Ne4 Be3 41. Rd5 Bd4 42. Rd6+ Kf7 43. Kc1 Bc3 44. Rd7+ Ke6 45. Nxc5+ Ke5 46. Nd3+ Ke4 47. Re7+ Kd4 48. Kd1 1-0


[Site "https://www.chess.com"]

[Event "Early Titled Tuesday Blitz | February 8 2022"]
[White "Cramling Bellon, Anna"]
[Black "Rytenko, Vsevolod"]
[WhiteFideId "32009232"]
[BlackFideId "14133040"]
[WhiteElo "1905"]
[BlackElo "2144"]
[Result "1-0"]
[Round "08"]
[TimeControl "180+1"]
[Date "2022.02.08"]
[WhiteClock "0:00:08"]
[BlackClock "0:00:28"]

1. d4 d5 2. c4 c6 3. Nf3 Nf6 4. Nc3 Bf5 5. e3 e6 6. Bd3 Bg4 7. h3 Bh5 8. O-O Bd6 9. cxd5 exd5 10. Bd2 O-O 11. Be2 Nbd7 12. Rc1 Rc8 13. Re1 Bb8 14. Nh4 Bxe2 15. Qxe2 Re8 16. Nf5 Nf8 17. Qf3 Ng6 18. e4 dxe4 19. Nxe4 Nxe4 20. Rxe4 Qc7 21. g3 Qd7 22. Rce1 Rxe4 23. Qxe4 h6 24. Bc3 Rd8 25. d5 cxd5 26. Qd4 f6 27. Nxh6+ gxh6 28. Qxf6 Kh7 29. Re6 Rg8 30. h4 h5 31. Qg5 d4 32. Qxh5+ Kg7 33. Rxg6+ Kf8 34. Rf6+ Ke7 35. Qf7+ Kd8 36. Qxg8+ Kc7 37. Rf7 dxc3 38. Rxd7+ Kxd7 39. Qc4 cxb2 40. Qb3 Be5 41. Qd3+ Ke6 42. f4 Bf6 43. Qb1 a5 44. Kg2 a4 45. a3 b5 46. Kf3 Kd5 47. g4 Kc4 48. Qa2+ Kc3 49. g5 Bd4 50. Qb1 Kb3 51. f5 Kxa3 52. f6 Kb3 53. f7 Bc5 54. g6 a3 55. g7 a2 56. Qd3+ Ka4 57. Qc2+ Ka3 58. Qc3+ Ka4 59. Qxb2 1-0


[Site "https://www.chess.com"]

[Event "Early Titled Tuesday Blitz | February 8 2022"]
[White "Cunjalo, Faris"]
[Black "Sharavdorj, Dashzegve"]
[WhiteFideId "14410710"]
[BlackFideId "4900340"]
[WhiteElo "2263"]
[BlackElo "2366"]
[Result "0-1"]
[Round "08"]
[TimeControl "180+1"]
[Date "2022.02.08"]
[WhiteClock "0:00:14"]
[BlackClock "0:02:22"]

1. c4 Nf6 2. Nc3 g6 3. e4 d6 4. d4 Bg7 5. Be2 O-O 6. Bg5 Na6 7. Qd2 e5 8. d5 Nc5 9. f3 a5 10. h4 Bd7 11. Nh3 c6 12. Nf2 cxd5 13. cxd5 Qe8 14. Be3 Nh5 15. Nd3 b6 16. Bf2 Rc8 17. Nxc5 bxc5 18. O-O-O Nf4 19. Bf1 c4 20. g3 Nd3+ 21. Bxd3 cxd3 22. Qxd3 Ba4 23. Rd2 Bb5 24. Qe3 a4 25. Kb1 a3 26. b3 f5 27. Rc1 f4 28. gxf4 exf4 0-1


[Site "https://www.chess.com"]

[Event "Early Titled Tuesday Blitz | February 8 2022"]
[White "De Silva, L M S T"]
[Black "Lazavik, Denis"]
[WhiteFideId "9953698"]
[BlackFideId "13515110"]
[WhiteElo "1631"]
[BlackElo "2436"]
[Result "1/2-1/2"]
[Round "08"]
[TimeControl "180+1"]
[Date "2022.02.08"]
[WhiteClock "0:03:03"]
[BlackClock "0:02:46"]

1. e4 c5 2. Nf3 e6 3. d4 cxd4 4. Nxd4 Nc6 5. Be2 Nf6 6. Nc3 Qc7 7. O-O a6 8. a4 Be7 9. Be3 O-O 10. f4 d6 11. Qe1 Nxd4 12. Bxd4 e5 13. fxe5 dxe5 14. Qg3 Bc5 15. Bxc5 Qxc5+ 16. Kh1 Kh8 17. Rxf6 gxf6 18. Qh4 Rg8 19. Qxf6+ Rg7 1/2-1/2


[Site "https://www.chess.com"]

[Event "Early Titled Tuesday Blitz | February 8 2022"]
[White "Decuigniere, Tom"]
[Black "Gabdrakhmanov, Azat"]
[WhiteFideId "26093820"]
[BlackFideId "34189197"]
[WhiteElo "1997"]
[BlackElo "2279"]
[Result "0-1"]
[Round "08"]
[TimeControl "180+1"]
[Date "2022.02.08"]
[WhiteClock "0:00:01"]
[BlackClock "0:00:17"]

1. c4 Nf6 2. Nc3 g6 3. e4 d6 4. d4 Bg7 5. Nf3 O-O 6. Be2 e5 7. O-O Nc6 8. d5 Ne7 9. Ne1 Nd7 10. Be3 f5 11. f3 f4 12. Bf2 g5 13. Rc1 Ng6 14. c5 Nxc5 15. b4 Na6 16. Nb5 Rf7 17. Nd3 b6 18. a4 h5 19. Kh1 Bf6 20. Be1 Qf8 21. Nf2 Bd8 22. Rc4 Nb8 23. Qc2 Qe7 24. Bd2 a6 25. Na3 Nd7 26. Rxc7 Bxc7 27. Qxc7 Nf6 28. Qxb6 g4 29. Nc4 g3 30. Nd3 Ne8 31. Qg1 Rg7 32. Nb6 Rb8 33. Nxc8 Rxc8 34. Rc1 Rxc1 35. Qxc1 gxh2 36. b5 axb5 37. axb5 Nh4 38. Ne1 Kh7 39. Qc8 Qd7 40. Qxd7 Rxd7 41. b6 Rb7 42. Ba5 Rb8 43. Ba6 Ng6 44. b7 Nf8 45. Bb6 Nd7 46. Ba7 Rd8 47. Bb5 Nef6 48. Nd3 Kg7 49. Nb4 Rh8 50. Bxd7 Nxd7 51. Nc6 h4 52. Kxh2 h3 53. gxh3 Rh6 54. b8=Q Nxb8 55. Bxb8 Rg6 56. Nd8 Kf8 57. Ne6+ Ke7 58. Ba7 Rg3 0-1


[Site "https://www.chess.com"]

[Event "Early Titled Tuesday Blitz | February 8 2022"]
[White "Delorme, Alban"]
[Black "Estrada Nieto, Julian"]
[WhiteFideId "623636"]
[BlackFideId "5101018"]
[WhiteElo "2197"]
[BlackElo "2246"]
[Result "1-0"]
[Round "08"]
[TimeControl "180+1"]
[Date "2022.02.08"]
[WhiteClock "0:00:02"]
[BlackClock "0:00:03"]

1. e4 e5 2. Nf3 Nc6 3. Bc4 Bc5 4. c3 d6 5. d4 exd4 6. cxd4 Bb6 7. h3 Nf6 8. Nc3 O-O 9. O-O Nxe4 10. Nxe4 d5 11. Bxd5 Qxd5 12. Nc3 Qd6 13. d5 Ne5 14. Nxe5 Qxe5 15. Qf3 Qf5 16. Qxf5 Bxf5 17. Be3 Rfe8 18. Rfe1 f6 19. Nb5 Rad8 20. Bxb6 cxb6 21. Rxe8+ Rxe8 22. Nd6 Re5 23. Rd1 Be4 24. Nxe4 Rxe4 25. Rc1 Re7 26. d6 Rd7 27. Rc7 Rxd6 28. Rxb7 a5 29. g3 h5 30. Kg2 Kh7 31. h4 Kg6 32. Kf3 a4 33. Ra7 b5 34. Rb7 Rd5 35. Ke4 Rc5 36. Kd4 Rc2 37. Rxb5 Rxf2 38. Ke3 Rg2 39. Kf3 Rc2 40. Rb4 a3 41. bxa3 Rc3+ 42. Kg2 Rxa3 43. Rb2 Kf5 44. Rf2+ Ke5 45. Rd2 g6 46. Kf2 Kf5 47. Kg2 Ra4 48. Re2 Kg4 49. Rf2 f5 50. a3 g5 51. hxg5 Kxg5 52. Rf3 Kf6 53. Rb3 Ke5 54. Rb6 Ke4 55. Rh6 Rxa3 56. Rxh5 Ra2+ 57. Kh3 Rf2 58. Rh4+ Ke3 59. Rh5 Rf1 60. Kh4 1-0


[Site "https://www.chess.com"]

[Event "Early Titled Tuesday Blitz | February 8 2022"]
[White "Demchenko, Anton"]
[Black "Gabrielian, Artur"]
[WhiteFideId "4160258"]
[BlackFideId "4131002"]
[WhiteElo "2539"]
[BlackElo "2440"]
[Result "1-0"]
[Round "08"]
[TimeControl "180+1"]
[Date "2022.02.08"]
[WhiteClock "0:00:44"]
[BlackClock "0:01:04"]

1. e4 c5 2. Nf3 d6 3. d4 cxd4 4. Qxd4 Nc6 5. Bb5 Bd7 6. Bxc6 Bxc6 7. Nc3 Nf6 8. Bg5 e6 9. O-O-O Be7 10. Qd3 O-O 11. Nd4 Rc8 12. h4 Qb6 13. f3 Rfe8 14. g4 a6 15. Kb1 Qc7 16. Nce2 b5 17. Rhg1 Bb7 18. Ng3 d5 19. e5 Nd7 20. f4 Bc5 21. Rg2 h6 22. Bxh6 gxh6 23. g5 Bxd4 24. Qxd4 Qc4 25. Qd2 d4 26. Rgg1 Nc5 27. gxh6 Ne4 28. Nxe4+ Kh8 29. Nd6 1-0


[Site "https://www.chess.com"]

[Event "Early Titled Tuesday Blitz | February 8 2022"]
[White "Di Nicolantonio, Lucas"]
[Black "Shimanov, Aleksandr"]
[WhiteFideId "680460"]
[BlackFideId "4198603"]
[WhiteElo "2381"]
[BlackElo "2636"]
[Result "0-1"]
[Round "08"]
[TimeControl "180+1"]
[Date "2022.02.08"]
[WhiteClock "0:00:02"]
[BlackClock "0:01:03"]

1. e4 e6 2. d4 d5 3. Nc3 Bb4 4. e5 c5 5. Bd2 Ne7 6. Nb5 Bxd2+ 7. Qxd2 O-O 8. Nf3 b6 9. c3 Ba6 10. a4 Nbc6 11. Bd3 Bxb5 12. axb5 Na5 13. Rxa5 bxa5 14. dxc5 a4 15. O-O Qc7 16. Qe3 Rfc8 17. c6 a6 18. bxa6 Nxc6 19. Ra1 Rcb8 20. Qc5 Qb6 21. Qxb6 Rxb6 22. Ra2 Rab8 23. g3 Rxb2 24. Rxa4 R2b3 25. a7 Ra8 26. Ra6 Rxc3 27. Bb5 Nxa7 28. Nd4 Rcc8 29. Bd7 Rd8 30. Ba4 Rdb8 31. Kg2 Nc8 32. Rc6 Rxa4 0-1


[Site "https://www.chess.com"]

[Event "Early Titled Tuesday Blitz | February 8 2022"]
[White "Dobre, Claudiu-Cristian"]
[Black "Janaszak, Dawid"]
[WhiteFideId "1211854"]
[BlackFideId "1119206"]
[WhiteElo "2207"]
[BlackElo "2199"]
[Result "1-0"]
[Round "08"]
[TimeControl "180+1"]
[Date "2022.02.08"]
[WhiteClock "0:00:26"]
[BlackClock "0:00:34"]

1. c4 b6 2. Nf3 Bb7 3. g3 f5 4. Bg2 Nf6 5. O-O g6 6. b4 Bg7 7. Bb2 O-O 8. d3 d6 9. Nbd2 e5 10. c5 Nbd7 11. Ng5 Bxg2 12. Kxg2 Qe7 13. Qb3+ d5 14. c6 Nb8 15. b5 Rd8 16. Rac1 a6 17. a4 axb5 18. axb5 Ng4 19. Ngf3 e4 20. dxe4 fxe4 21. Nd4 e3 22. N2f3 exf2 23. Rxf2 Nxf2 24. Kxf2 Bh6 25. Ra1 Rxa1 26. Bxa1 Qc5 27. Qc3 Bg7 28. Qxc5 bxc5 29. Ne6 Rd6 30. Nxg7 Nxc6 31. Ne8 Re6 32. Nxc7 Re7 33. Nxd5 Ra7 34. bxc6 Rxa1 35. c7 Ra8 36. Nb6 c4 37. Nxa8 1-0


[Site "https://www.chess.com"]

[Event "Early Titled Tuesday Blitz | February 8 2022"]
[White "Domingo Nunez, Alejandro"]
[Black "Lorparizangeneh, Shahin"]
[WhiteFideId "22245561"]
[BlackFideId "12521604"]
[WhiteElo "2215"]
[BlackElo "2525"]
[Result "0-1"]
[Round "08"]
[TimeControl "180+1"]
[Date "2022.02.08"]
[WhiteClock "0:00:02"]
[BlackClock "0:00:18"]

1. c4 e5 2. g3 Nf6 3. Bg2 d5 4. cxd5 Nxd5 5. Nc3 Nxc3 6. bxc3 Bc5 7. Nf3 Nc6 8. O-O O-O 9. Qa4 Re8 10. Rb1 Bb6 11. d3 Bf5 12. Nd2 Qd7 13. Re1 Bh3 14. Bh1 Rad8 15. Ba3 Be6 16. Nc4 Bd5 17. Bxd5 Qxd5 18. Rb5 Qe6 19. Qb3 a6 20. Rxb6 cxb6 21. Qxb6 e4 22. Rd1 exd3 23. exd3 Qg4 24. Qb3 Qf3 25. Nd6 Re2 26. Rf1 b5 27. d4 h5 28. h4 Rd7 29. Qb1 Nxd4 30. cxd4 Qxa3 31. Nf5 g6 32. Qd1 Qxa2 33. Qc1 Qc2 34. Nh6+ Kg7 35. Qg5 Qe4 36. g4 Rd5 37. Nf5+ Rxf5 38. gxf5 Qxf5 39. Qxf5 gxf5 40. Rd1 Re6 41. d5 Rd6 42. f4 b4 43. Kf2 a5 44. Ke3 b3 45. Kd4 b2 46. Kc5 a4 47. Kxd6 a3 48. Ke7 a2 49. Rg1+ Kh7 50. Rg5 b1=Q 51. Rxh5+ Kg6 52. Rg5+ Kh6 53. d6 Qe4+ 54. Kf8 a1=Q 55. d7 Qh8+ 56. Kxf7 Qh7+ 57. Kf6 Qd4+ 58. Ke6 Qhxd7# 0-1


[Site "https://www.chess.com"]

[Event "Early Titled Tuesday Blitz | February 8 2022"]
[White "Erigaisi Arjun"]
[Black "Martirosyan, Haik M."]
[WhiteFideId "35009192"]
[BlackFideId "13306553"]
[WhiteElo "2745"]
[BlackElo "2735"]
[Result "1-0"]
[Round "08"]
[TimeControl "180+1"]
[Date "2022.02.08"]
[WhiteClock "0:00:22"]
[BlackClock "0:00:04"]

1. d4 Nf6 2. Bg5 c5 3. d5 Qb6 4. Nc3 d6 5. e4 g6 6. Bb5+ Nbd7 7. a4 a6 8. a5 Qc7 9. Be2 Bg7 10. Nf3 O-O 11. Nd2 b5 12. axb6 Nxb6 13. O-O h6 14. Be3 e6 15. dxe6 Bxe6 16. Rxa6 Rxa6 17. Bxa6 Ng4 18. Bf4 g5 19. Bg3 Ne5 20. Be2 c4 21. Nf3 Qc5 22. h4 Rd8 23. Qd2 Nxf3+ 24. Bxf3 g4 25. Be2 h5 26. Rd1 d5 27. Qg5 Re8 28. Qxh5 Qb4 29. exd5 Bd7 30. Bxg4 Qxb2 31. Rb1 Qxc3 32. Rxb6 Ba4 33. Bf5 Re1+ 34. Kh2 Be5 35. Qh7+ Kf8 36. d6 Bxg3+ 37. fxg3 Qd4 38. Rb8+ Be8 39. Qh6+ Kg8 40. Bh7+ Kh8 41. Be4+ Kg8 42. Rxe8# 1-0


[Site "https://www.chess.com"]

[Event "Early Titled Tuesday Blitz | February 8 2022"]
[White "Eynullayev, Altay"]
[Black "Lagunov, Evgenij"]
[WhiteFideId "13413562"]
[BlackFideId "4125363"]
[WhiteElo "2079"]
[BlackElo "2200"]
[Result "1-0"]
[Round "08"]
[TimeControl "180+1"]
[Date "2022.02.08"]
[WhiteClock "0:01:54"]
[BlackClock "0:00:46"]

1. e4 c5 2. Nf3 e6 3. d4 cxd4 4. Nxd4 Nf6 5. Nc3 Nc6 6. Nxc6 bxc6 7. e5 Nd5 8. Ne4 Qc7 9. f4 Qb6 10. c4 Ne3 11. Qd3 Bb4+ 12. Bd2 Bxd2+ 13. Qxd2 Nxf1 14. Nd6+ Kf8 15. Rxf1 c5 16. f5 Kg8 17. fxe6 fxe6 18. Qf4 h6 19. Ne8 Qb4+ 20. Kd1 Qa4+ 21. b3 1-0


[Site "https://www.chess.com"]

[Event "Early Titled Tuesday Blitz | February 8 2022"]
[White "FGHSMN"]
[Black "Le Ruyet, Leopold"]
[BlackFideId "645923"]
[WhiteElo "2762"]
[BlackElo "2276"]
[Result "1-0"]
[Round "08"]
[TimeControl "180+1"]
[Date "2022.02.08"]
[WhiteClock "0:00:19"]
[BlackClock "0:00:05"]

1. b3 Nf6 2. Bb2 e6 3. Nf3 d5 4. c4 Be7 5. e3 O-O 6. Nc3 c5 7. cxd5 Nxd5 8. h4 Bf6 9. Qc2 Nc6 10. Ng5 g6 11. Nce4 Bxb2 12. Qxb2 f6 13. Nf3 b6 14. h5 Bb7 15. hxg6 hxg6 16. g4 Ndb4 17. g5 Nd4 18. Nxd4 cxd4 19. Rh4 fxg5 20. Rg4 dxe3 21. dxe3 Bxe4 22. Rxe4 Rc8 23. Rxb4 Qd6 24. Rd4 Qh2 25. Rd7 Rf7 26. Rxf7 Kxf7 27. Rc1 Rd8 28. Rd1 Rc8 29. Rd7+ Ke8 30. Qg7 Rc1+ 31. Kd2 Qxf2+ 32. Kxc1 Qxf1+ 33. Rd1 1-0


[Site "https://www.chess.com"]

[Event "Early Titled Tuesday Blitz | February 8 2022"]
[White "Farmani Anosheh, Armin"]
[Black "Berdychevskaya, Natasha"]
[WhiteFideId "24613240"]
[BlackFideId "4159322"]
[WhiteElo "2289"]
[BlackElo "1780"]
[Result "0-1"]
[Round "08"]
[TimeControl "180+1"]
[Date "2022.02.08"]
[WhiteClock "0:00:06"]
[BlackClock "0:00:53"]

1. e4 e5 2. Nf3 Nf6 3. Nc3 Nc6 4. d4 Bb4 5. dxe5 Nxe4 6. Qd3 d5 7. exd6 O-O 8. Be3 Bf5 9. Qc4 Nxd6 10. Qf4 Qf6 11. Bd3 Bxc3+ 12. bxc3 Qxc3+ 13. Ke2 Bxd3+ 14. cxd3 Rfe8 15. Rhc1 Qa5 16. Kf1 Qf5 17. Rd1 Rad8 18. Rab1 b6 19. Rbc1 Ne7 20. Rxc7 Nd5 21. Qxf5 Nxf5 0-1


[Site "https://www.chess.com"]

[Event "Early Titled Tuesday Blitz | February 8 2022"]
[White "Fawole, John Oyeyemi"]
[Black "Tuleyeva-Aketayeva, Dana"]
[WhiteFideId "8501319"]
[BlackFideId "13701932"]
[WhiteElo "2091"]
[BlackElo "1944"]
[Result "1/2-1/2"]
[Round "08"]
[TimeControl "180+1"]
[Date "2022.02.08"]
[WhiteClock "0:00:06"]
[BlackClock "0:00:02"]

1. e4 c5 2. Nf3 Nc6 3. d4 cxd4 4. Nxd4 g6 5. Nc3 Bg7 6. Be3 Nf6 7. Be2 O-O 8. O-O d6 9. Kh1 Bd7 10. f4 Rc8 11. Bf3 Na5 12. e5 Ne8 13. exd6 Nxd6 14. Re1 Nac4 15. Bg1 Nxb2 16. Qd2 Qa5 17. Rab1 Qxc3 18. Qxc3 Rxc3 19. Rxb2 Rc4 20. Rxe7 Bxd4 21. Bxd4 Rxd4 22. Rxd7 Re8 23. h3 b6 24. Kh2 Nf5 25. Rxa7 Rd2 26. Rxb6 Re3 27. Rb3 Rxc2 28. Rxe3 Nxe3 29. a4 Nf1+ 30. Kg1 Nd2 31. Bb7 Nc4 32. a5 Ra2 33. a6 Nb6 34. Bc6 Rc2 35. Bb5 Rb2 36. Rb7 Rxb5 37. a7 Rb1+ 38. Kh2 Ra1 39. Rxb6 Rxa7 40. Rb8+ Kg7 41. Kg3 Ra3+ 42. Kg4 h5+ 43. Kh4 Ra4 44. g3 Ra5 45. Rb7 Rf5 46. Rc7 Rf6 47. Rc4 Rf5 48. g4 Rb5 49. Kg3 Kh6 50. Kh4 f6 51. Rc8 g5+ 52. fxg5+ fxg5+ 53. Kg3 h4+ 54. Kg2 Rb2+ 55. Kg1 Rb1+ 56. Kg2 Rb2+ 57. Kg1 Rb3 58. Kg2 Rg3+ 59. Kh2 Rd3 60. Rc6+ Kg7 61. Rc5 Kg6 62. Rc6+ Kf7 63. Rc5 Kf6 64. Rf5+ Kg6 65. Ra5 Rd2+ 66. Kh1 Rd1+ 67. Kh2 Rd2+ 68. Kh1 Rd1+ 69. Kh2 Rd6 70. Rb5 Re6 71. Ra5 Rf6 72. Rb5 Rf2+ 73. Kh1 Rf3 74. Kg2 Rg3+ 75. Kh2 Rf3 76. Kg2 Rd3 77. Rb6+ Kf7 78. Rb5 Kg6 79. Rb6+ Kg7 80. Rb5 Rg3+ 81. Kh2 Kg6 82. Rb6+ Kf7 83. Rb5 Kf6 84. Rf5+ Kg6 85. Rb5 Rf3 86. Rb6+ Rf6 87. Rb5 Re6 88. Rc5 Rd6 89. Rf5 Rd2+ 90. Kh1 Rd1+ 91. Kg2 Re1 92. Ra5 Re2+ 93. Kg1 Re6 94. Rc5 Rf6 95. Kg2 Kh6 96. Rd5 Rg6 97. Rf5 Re6 98. Rf7 Kg6 99. Rf5 Re3 100. Kh2 Re2+ 101. Kg1 Rd2 102. Kh1 Rd3 103. Kg2 Rg3+ 1/2-1/2


[Site "https://www.chess.com"]

[Event "Early Titled Tuesday Blitz | February 8 2022"]
[White "Fier, Alexandr"]
[Black "Urazayev, Arystanbek"]
[WhiteFideId "2107139"]
[BlackFideId "13709810"]
[WhiteElo "2569"]
[BlackElo "2321"]
[Result "1-0"]
[Round "08"]
[TimeControl "180+1"]
[Date "2022.02.08"]
[WhiteClock "0:00:25"]
[BlackClock "0:00:07"]

1. d4 Nf6 2. Bg5 Ne4 3. Bf4 d5 4. e3 e6 5. Bd3 c5 6. Bxe4 dxe4 7. Nc3 cxd4 8. exd4 Nc6 9. Nge2 Bb4 10. O-O Bxc3 11. bxc3 O-O 12. c4 e5 13. Bxe5 Nxe5 14. dxe5 Be6 15. Nf4 Bxc4 16. Re1 Qxd1 17. Raxd1 Bxa2 18. Rxe4 b5 19. Ra1 Bc4 20. Ra5 Rfd8 21. h4 Rd1+ 22. Kh2 Rd2 23. Kg3 Rxc2 24. Rd4 g6 25. Rd7 b4 26. h5 g5 27. Nd5 Bxd5 28. Raxd5 b3 29. h6 Rcc8 30. Rb7 Rcb8 31. Rdb5 Rxb7 32. Rxb7 a5 33. Rxb3 a4 34. Ra3 Kf8 35. Kg4 Ra5 36. Kxg5 Rxe5+ 37. Kf4 Ra5 38. g4 f6 39. g5 fxg5+ 40. Kg4 Kf7 41. Kh5 Kf6 42. Rf3+ Ke5 43. Kg4 Kd4 44. Rf7 a3 45. Rxh7 a2 46. Rd7+ Ke5 47. h7 Ra8 48. Ra7 Rh8 49. Kxg5 Rxh7 50. f4+ Ke4 51. Ra4+ Kf3 52. f5 Rh2 53. f6 Rg2+ 54. Kf5 Ke3 55. f7 Kd3 56. Ke6 Re2+ 57. Kd7 Rf2 58. Ra3+ Kc4 59. Ke6 Kb4 60. Rxa2 Rxa2 61. f8=Q+ Kb3 62. Qg8 Rc2 63. Ke5+ Kb4 64. Kd4 Rd2+ 65. Ke3 Rc2 66. Kd3 Rc5 67. Qb8+ Rb5 68. Qd6+ Ka5 69. Kc4 Rb6 70. Qa3# 1-0


[Site "https://www.chess.com"]